 Dungeon Crawl Stone Soup version 0.26-a0-720-g2a1d101370 (webtiles) character file.

Game seed: 4291130864749865083

64 stormannnn the Magician (level 3, -6/27 HPs)
             Began as a Demigod Transmuter on Nov 3, 2020.
             Mangled by an ogre
             ... wielding a +0 giant spiked club
              (15 damage)
             ... on level 6 of the Dungeon.
             The game lasted 00:04:00 (2542 turns).

stormannnn the Magician (Demigod Transmuter)        Turns: 2542, Time: 00:04:00

Health: -6/27      AC:  2    Str: 15    XL:     3   Next: 64%
Magic:  10/10      EV: 12    Int: 17    God:
Gold:   127        SH:  0    Dex: 16    Spells: 5/8 levels left

rFire    . . .     SeeInvis .   n - +0 dagger (venom)
rCold    . . .     Faith    .   (no shield)
rNeg     . . .     Spirit   .   a - +0 robe
rPois    .         Reflect  .   (no helmet)
rElec    .         Harm     .   (no cloak)
rCorr    .         Rampage  .   (no gloves)
MR       .....                  (no boots)
Stlth    +.........             (no amulet)
HPRegen  0.09/turn              (no ring)
MPRegen  0.12/turn              (no ring)

@: mighty
A: high mp 1
a: no special abilities


You were on level 6 of the Dungeon.
You visited 1 branch of the dungeon, and saw 4 of its levels.

You collected 127 gold pieces.

Inventory:

Hand Weapons
 g - a +2 flail of protection
 l - a +2 short sword of holy wrath
 n - a +0 dagger of venom (weapon)
Missiles
 f - 129 stones (quivered)
Armour
 a - a +0 robe (worn)
Scrolls
 b - 2 scrolls of blinking
 c - a scroll of enchant weapon {unknown}
 j - 2 scrolls of identify
 k - a scroll of remove curse {unknown}
 m - a scroll of immolation {unknown}
Potions
 d - a potion of degeneration {unknown}
 e - 2 potions of might
 h - a potion of lignification {unknown}
 i - a potion of heal wounds {unknown}
 o - a potion of curing


   Skills:
 - Level 0.8 Fighting
 - Level 1.7 Dodging
 - Level 2.6 Unarmed Combat
 * Level 3.1 Spellcasting
 + Level 2.6 Transmutations


You had 5 spell levels left.
You knew the following spells:

 Your Spells              Type           Power        Failure   Level
a - Beastly Appendage     Tmut           ##....       6%          1
b - Wereblood             Tmut           ##......     9%          2

Your spell library contained the following spells:

 Spells                   Type           Power        Failure   Level
 Spider Form              Tmut/Pois      #.........   30%         3
 Ice Form                 Ice/Tmut       #.......     69%         4
 Blade Hands              Tmut           ##........   86%         5


Dungeon Overview and Level Annotations

Branches:
Dungeon (3/15)             Temple (0/1) D:6


Innate Abilities, Weirdness & Mutations

You have an increased reservoir of magic. (+10% MP)


Message History

You hear a bark!
You hear an angry hiss.
You hear a shout!
The jackal closely misses you.
The jackal bites you but does no damage.
The ogre hits you with a +0 giant spiked club!
Ouch! That really hurt!
* * * LOW HITPOINT WARNING * * *
The howler monkey hoots and howls with incredible vigour!
You hear a shout!
It was a potion of might.
You feel very mighty all of a sudden.
The orc priest looks encouraged for a moment.
The jackal closely misses you.
It was a potion of curing.
You feel better. The ogre closely misses you.
As you read the scroll labeled KYLUDO BYAPTE, it crumbles to dust.
It is a scroll of identify.
b - 2 scrolls of blinking The jackal barely misses you.
The jackal misses you.
The ogre hits you with a +0 giant spiked club!
Ouch! That really hurt!
You die...

..# ##................
.. #..................#
.......................
..!.....w............#
.w..........h........#
..............h.....#
##............##...##
#..........hO#h...#
#.##.$.....hh@..##
##..##...O#..#
#.##......###
###.......# #.......#
##.#.#.## #######


You could see 2 ogres, a worm, a howler monkey and 3 jackals.

Vanquished Creatures
  An adder (D:2)
  A gnoll (D:1)
  A worm (D:2)
  A dart slug (D:2)
  3 leopard geckos
  A ball python (D:2)
  4 bats
  2 giant cockroaches (D:2)
  7 goblins
  3 hobgoblins
  3 jackals (D:1)
  A quokka (D:2)
  A frilled lizard (D:2)
  6 kobolds
  A rat (D:1)
36 creatures vanquished.

Notes
Turn   | Place    | Note
-------+----------+-------------------------------------------
     0 | D:1      | stormannnn the Demigod Transmuter began the quest for the
                  | Orb.
     0 | D:1      | Reached XP level 1. HP: 15/15 MP: 5/5
    94 | D:1      | Reached skill level 2 in Spellcasting
   240 | D:1      | Reached XP level 2. HP: 19/22 MP: 4/7
  1175 | D:2      | Learned a level 2 spell: Wereblood
  1190 | D:2      | Reached XP level 3. HP: 24/27 MP: 7/9
  1502 | D:2      | Reached skill level 3 in Spellcasting
  1973 | D:2      | Found a shimmering blue altar of Sif Muna.
  2506 | D:3      | You fall into a shaft and drop 3 floors!
  2507 | D:6      | Found a staircase to the Ecumenical Temple.
  2518 | D:6      | Noticed a bullfrog
  2522 | D:6      | Noticed an ogre
  2531 | D:6      | Noticed an ogre
  2537 | D:6      | HP: 1/27 [ogre/+0 giant spiked club (16)]
  2542 | D:6      | Mangled by an ogre

Illustrated notes

Levels and vault maps discovered:
D:1:      mrwooster_arrival_statue_2, layout_loops_corners,
          minmay_misc_feat_tower
D:2:      layout_basic, lemuel_coloured_pillars_altar
D:3:      layout_basic
D:6:      layout_cave_pools, dancing_weapons_uskayaw,
          minmay_temple_entry_proselytizer

Skill      XL: |  1  2  3 |
---------------+----------+-----
Spellcasting   | 2 3 |  3.1
Transmutations | 2 |  2.6
Fighting       | |  0.8
Dodging        | |  1.7
Unarmed Combat | |  2.6

Action                   || total
-------------------------++-------
Melee: Unarmed           ||    13
       Kick              ||    13
       Flail             ||    47
       Headbutt          ||     8
       Dagger            ||    18
       Punch             ||     1
 Cast: Beastly Appendage ||    20
       Wereblood         ||     1
  Use: Potion            ||     2
       Scroll            ||     1
 Stab: Sleeping          ||     2
Armor: Robe              ||    19
Dodge: Dodged            ||    63

Table legend: (Time is in decaauts)
 A = Elapsed time spent in this place.
 B = Non-inter-level travel time spent in this place.
 C = Inter-level travel time spent in this place.
 D = Time resting spent in this place.
 E = Time spent auto-exploring this place.
 F = Levels seen in this place.
 G = Mean time per level.
                   A        B        C        D        E       F      G
               +--------+--------+--------+--------+--------+-----+--------+
         Total |   2558 |   2494 |     64 |    561 |   1593 |   4 |  639.5 |
       Dungeon |   2558 |   2494 |     64 |    561 |   1593 |   4 |  639.5 |
               +--------+--------+--------+--------+--------+-----+--------+

Top non-repeatable levels by time:
     D:1: 1162 daAuts
     D:2: 1153 daAuts
     D:3: 206 daAuts
     D:6: 35 daAuts
